 Dungeon Crawl Stone Soup version 0.26.1-10-gdfb7c7de75 (webtiles) character file.

Game seed: 17133402489570042651

2426 sankara the Cleaver (level 9, -6/79 HPs)
             Began as a Minotaur Fighter on Apr 7, 2021.
             Was a Follower of Okawaru.
             Mangled by a two-headed ogre
             ... wielding a +0 giant club
              (15 damage)
             ... on level 5 of the Dungeon.
             The game lasted 00:08:17 (4717 turns).

sankara the Cleaver (Minotaur Fighter)              Turns: 4717, Time: 00:08:19

Health: -6/79      AC: 11    Str: 22    XL:     9   Next: 24%
Magic:  8/8        EV:  9    Int:  6    God:    Okawaru [*.....]
Gold:   267        SH: 11    Dex: 17    Spells: 8/8 levels left

rFire    + + .     SeeInvis .   a - +4 war axe
rCold    . . .     Faith    .   c - +0 kite shield
rNeg     . . .     Spirit   .   D - +0 chain mail {rF+}
rPois    .         Reflect  .   (helmet restricted)
rElec    .         Harm     .   m - +0 cloak
rCorr    .         Rampage  .   (no gloves)
Will     .....                  (no boots)
Stlth    ..........             (no amulet)
HPRegen  0.23/turn              v - ring of protection from fire
MPRegen  0.11/turn              u - +6 ring of dexterity

@: no status effects
A: retaliatory headbutt, horns 2
a: Renounce Religion, Heroism


You were on level 5 of the Dungeon.
You worshipped Okawaru.
Okawaru was aware of your devotion.
You visited 2 branches of the dungeon, and saw 7 of its levels.

You collected 267 gold pieces.

Inventory:

Hand Weapons
 a - a +4 war axe (weapon)
Missiles
 h - 79 stones (quivered)
 r - 20 sling bullets
Armour
 c - a +0 kite shield (worn)
 m - a +0 cloak (worn)
 n - a +0 chain mail
 w - a +3 leather armour of cold resistance
 D - a +0 chain mail of fire resistance (worn)
Jewellery
 f - an uncursed ring of magical power
 u - a +6 ring of dexterity (right hand)
 v - a ring of protection from fire (left hand)
 z - an uncursed ring of positive energy
Wands
 o - a wand of flame (10)
 s - a wand of digging (5)
 t - a wand of iceblast (3)
 y - a wand of acid (6)
 C - a wand of polymorph (2)
Scrolls
 b - a scroll of teleportation {unknown}
 e - 6 scrolls of identify {unknown}
 g - 4 scrolls of remove curse {unknown}
 i - 2 scrolls of magic mapping {unknown}
 l - a scroll of amnesia {unknown}
 x - a scroll of immolation {unknown}
 B - a scroll of enchant weapon {unknown}
 E - a scroll of blinking {unknown}
Potions
 d - 2 potions of might
 j - 2 potions of heal wounds {unknown}
 k - 2 potions of flight {unknown}
 p - a potion of attraction {unknown}
 q - 2 potions of curing {unknown}
 A - a potion of haste {unknown}
 F - a potion of ambrosia {unknown}


   Skills:
 + Level 7.2 Fighting
 * Level 9.2 Axes
 + Level 7.2 Armour
 + Level 4.4 Dodging
 + Level 7.2 Shields


You had 8 spell levels left.
You didn't know any spells.
Your spell library was empty.

Dungeon Overview and Level Annotations

Branches:
Dungeon (6/15)             Temple (1/1) D:4

Altars:
Ashenzari
Dithmenos
Elyvilon
Fedhas
Gozag
Hepliaklqana
Kikubaaqudgha
Makhleb
Okawaru
Qazlal
Ru
Uskayaw
Vehumet
Wu Jian
Yredelemnul
Zin
The Shining One


Innate Abilities, Weirdness & Mutations

You reflexively headbutt those who attack you in melee.
You have a pair of horns on your head.


Message History

Your life force feels restored.
You hit the two-headed ogre.
Your headbutt misses the two-headed ogre.
The two-headed ogre is lightly wounded.
The two-headed ogre hits you but does no damage.
The two-headed ogre barely misses you.
You barely miss the two-headed ogre.
The two-headed ogre is lightly wounded.
You barely miss the two-headed ogre.
The two-headed ogre is lightly wounded.
The two-headed ogre hits you with a +0 giant club!!
You block the two-headed ogre's attack.
You are too injured to fight recklessly!
You slash the two-headed ogre!
Your headbutt misses the two-headed ogre.
The two-headed ogre is moderately wounded.
The two-headed ogre hits you with a +0 giant club!!
* * * LOW HITPOINT WARNING * * *
The two-headed ogre hits you with a +0 giant club!
You die...

#. ## .. .. #. .# #
.#.# ####### ##
...###>....## ###.
#..##.......###.'.
#.###).##.......#...'.
#../)@.##.......#..['.
#####O###...........#.
#.# #.#####.#...## #)#
#.#####.#...## ####.#
#.......###.#
#....###########...##
#.###.......####.#...
###. #.#####..........
.....##.##.....###.###.


You could see a two-headed ogre.

Vanquished Creatures
  Prince Ribbit (D:5)
  Grinder (D:4)
  Sigmund (D:2)
  Eustachio (D:4)
  Edmund (D:4)
  A phantom (D:4)
  An ice beast (D:4)
  2 ogres (D:5)
  2 bullfrogs (D:6)
  A scorpion (D:4)
  3 howler monkeys
  2 vampire bats (D:5)
  9 wights
  A jelly (D:5)
  An orc priest (D:3)
  Ijyb (D:3)
  Terence (D:2)
  Natasha (thrice) (D:4)
  5 worker ants
  3 gnolls (D:5)
  5 adders
  A white imp (D:6)
  An ooze (D:2)
  2 adder skeletons (D:5)
  A worm (D:5)
  4 dart slugs
  4 leopard geckos
  13 orcs
  2 ball pythons (D:1)
  3 bat skeletons (D:5)
  3 bat zombies (D:5)
  7 giant cockroaches
  8 goblins
  5 hobgoblins
  8 jackals
  10 kobolds (D:1)
  2 quokkas
  4 bats
  3 frilled lizards (D:2)
  A quokka skeleton (D:6)
  8 rats
136 creatures vanquished.

Vanquished Creatures (others)
  4 plants (D:1)
4 creatures vanquished.

Grand Total: 140 creatures vanquished

Notes
Turn   | Place    | Note
-------+----------+-------------------------------------------
     0 | D:1      | sankara the Minotaur Fighter began the quest for the Orb.
     0 | D:1      | Reached XP level 1. HP: 19/19 MP: 0/0
   234 | D:1      | Reached XP level 2. HP: 24/27 MP: 1/1
   286 | D:1      | Reached skill level 3 in Axes
   791 | D:1      | Reached XP level 3. HP: 29/33 MP: 2/2
  1379 | D:2      | Noticed Terence
  1389 | D:2      | Killed Terence
  1390 | D:2      | Reached XP level 4. HP: 38/40 MP: 3/3
  1414 | D:2      | Found an opulent altar of Gozag.
  1472 | D:2      | Reached skill level 4 in Axes
  1846 | D:2      | Noticed Sigmund
  1856 | D:2      | Killed Sigmund
  1857 | D:2      | Reached skill level 5 in Axes
  1857 | D:2      | Reached XP level 5. HP: 30/47 MP: 4/4
  1978 | D:2      | Found a broken altar of Ashenzari.
  2030 | D:2      | Reached XP level 6. HP: 55/55 MP: 5/5
  2322 | D:3      | Noticed Ijyb
  2338 | D:3      | Killed Ijyb
  2339 | D:3      | Reached skill level 5 in Fighting
  2339 | D:3      | Reached skill level 5 in Shields
  2367 | D:3      | Found a hazy altar of Hepliaklqana.
  2371 | D:3      | Reached skill level 5 in Armour
  2616 | D:3      | You fall into a shaft and drop 3 floors!
  2628 | D:6      | Reached skill level 1 in Dodging
  2649 | D:6      | Reached skill level 6 in Axes
  2649 | D:6      | Reached XP level 7. HP: 50/61 MP: 6/6
  2857 | D:5      | Entered Level 5 of the Dungeon
  2886 | D:4      | Noticed Natasha
  2895 | D:4      | Killed Natasha
  3031 | D:4      | Reached skill level 7 in Axes
  3103 | D:4      | Noticed Natasha
  3111 | D:4      | Killed Natasha
  3223 | D:4      | Found a shadowy altar of Dithmenos.
  3340 | D:4      | Noticed Eustachio
  3351 | D:4      | Killed Eustachio
  3352 | D:4      | Reached XP level 8. HP: 70/70 MP: 7/7
  3387 | D:4      | Found an iron altar of Okawaru.
  3388 | D:4      | Noticed Edmund
  3400 | D:4      | Killed Edmund
  3404 | D:4      | Became a worshipper of Warmaster Okawaru
  3578 | D:4      | Found a sacrificial altar of Ru.
  3684 | D:4      | Found a sacrificial altar of Ru.
  3705 | D:4      | Found a staircase to the Ecumenical Temple.
  3739 | D:4      | Reached skill level 8 in Axes
  3762 | Temple   | Entered the Ecumenical Temple
  3893 | D:4      | Noticed Natasha
  3894 | D:4      | Noticed Grinder
  3899 | D:4      | Killed Grinder
  3901 | D:4      | Killed Natasha
  4340 | D:5      | Reached * piety under Okawaru
  4484 | D:5      | Reached XP level 9. HP: 70/78 MP: 8/8
  4635 | D:5      | Found an ancient bone altar of Kikubaaqudgha.
  4639 | D:5      | Noticed Prince Ribbit
  4645 | D:5      | Killed Prince Ribbit
  4646 | D:5      | Reached skill level 9 in Axes
  4709 | D:5      | Noticed a two-headed ogre
  4717 | D:5      | Mangled by a two-headed ogre

Illustrated notes

Levels and vault maps discovered:
D:1:      grunt_arrival_crossed_arrows, layout_loops_ring,
          lexackson_kobold_supper
D:2:      layout_basic, general_overflow_altar, nicolae_ashenzari_panopticon,
          uniq_sigmund, uniq_terence
D:3:      layout_basic, old_standard_altar, uniq_ijyb
D:4:      layout_basic, lemuel_round_altar, kennysheep_little_box,
          nicolae_dithmenos_through_a_glass_darkly, minmay_temple_entry_trees,
          nicolae_ru_the_path_less_chosen, uniq_edmund, uniq_eustachio,
          uniq_grinder, uniq_natasha
D:5:      layout_loops_cross, kennysheep_vampire_church, uniq_prince_ribbit1
D:6:      minmay_general_purpose_star, layout_rooms, nemelex_altar_shiori,
          lemuel_round_altar, kennysheep_slug_shrine, lightli_orcish_oven
Temple:   compressed_dpeg_circular_temple

Skill      XL: |  1  2  3  4  5  6  7  8  9 |
---------------+----------------------------+-----
Axes           | 3 5 6 7 8 9 |  9.2
Fighting       | 4 5 6 7 |  7.2
Armour         | 4 5 6 7 |  7.2
Shields        | 4 5 6 7 |  7.2
Dodging        | 1 2 4 |  4.4

Action                   |  1- 3 |  4- 6 |  7- 9 || total
-------------------------+-------+-------+-------++-------
Melee: War axe           |    74 |   117 |   162 ||   353
       Headbutt          |    10 |    20 |    33 ||    63
Armor: Scale mail        |    25 |       |       ||    25
       Chain mail        |     3 |    59 |    66 ||   128
Dodge: Dodged            |    23 |    22 |    33 ||    78
Block: Kite shield       |    40 |    54 |    85 ||   179
